[Event "Titled Tuesday Blitz July 4 Early 2023"]
[White "Biriukov, Ilja"]
[Black "Kirillov, Dmitry"]
[WhiteFideId "4113373"]
[BlackFideId "34180572"]
[WhiteElo "2285"]
[BlackElo "2505"]
[Result "0-1"]
[Round "3"]
[TimeControl "180+2"]
[Date "2023.07.04"]
[WhiteClock "0:00:20"]
[BlackClock "0:00:53"]
[Board "199"]

1. c4 e5 2. Nc3 Nf6 3. d3 d5 4. cxd5 Nxd5 5. g3 Nc6 6. Bg2 Nb6 7. Nf3 Be7 8. O-O O-O 9. a3 Be6 10. Be3 Re8 11. b4 f6 12. Qc2 Bf8 13. Nd2 Nd4 14. Bxd4 exd4 15. Na4 Nxa4 16. Qxa4 Bd5 17. Rfe1 Bxg2 18. Kxg2 Qd5+ 19. Nf3 c6 20. Qc2 a5 21. Qb2 axb4 22. axb4 Rad8 23. Rab1 h5 24. h4 g5 25. hxg5 fxg5 26. Qb3 g4 27. Qxd5+ Rxd5 28. Nd2 Rb5 29. Ne4 Kf7 30. Rh1 Ree5 31. f4 gxf3+ 32. exf3 Rxb4 33. Rxb4 Bxb4 34. f4 Ra5 35. Ng5+ Kg6 36. Ne6 Bc3 37. Kf3 Ra2 38. g4 hxg4+ 39. Kxg4 Rg2+ 40. Kf3 Rd2 41. Ke4 Re2+ 42. Kf3 Rxe6 0-1


[Site "https://www.chess.com"]

[Event "Titled Tuesday Blitz July 4 Early 2023"]
[White "Zaksaite, Salomeja"]
[Black "musclemonster12"]
[WhiteFideId "12801496"]
[WhiteElo "2283"]
[BlackElo "2496"]
[Result "0-1"]
[Round "3"]
[TimeControl "180+2"]
[Date "2023.07.04"]
[WhiteClock "0:00:00"]
[BlackClock "0:00:14"]
[Board "200"]

1. e4 c5 2. Nf3 d6 3. d4 cxd4 4. Nxd4 Nf6 5. Nc3 Nc6 6. Bc4 Qb6 7. Nb3 e6 8. Be3 Qc7 9. Bd3 a6 10. f4 b5 11. Qf3 Bb7 12. g4 b4 13. Na4 d5 14. e5 Ne4 15. O-O-O Be7 16. Rhe1 O-O 17. Bxe4 dxe4 18. Qxe4 Na5 19. Qd4 Rac8 20. Nbc5 Bf3 21. Rd2 Bd5 22. Kb1 Nc4 23. Bf2 Nxd2+ 24. Qxd2 Qa5 25. b3 Bxc5 26. Nxc5 Rxc5 27. Bxc5 Qxc5 28. f5 Qc3 29. Qf2 Rc8 30. f6 g6 31. Re2 a5 32. Qf4 Qc5 33. Qh6 Qf8 34. Qg5 h6 35. Qf4 Kh7 36. h4 Qc5 37. h5 Qg1+ 38. Kb2 g5 39. Qd2 Qc5 40. Qd3+ Kg8 41. Rf2 Qxf2 0-1


[Site "https://www.chess.com"]

[Event "Titled Tuesday Blitz July 4 Early 2023"]
[White "Pham, Le Thao Nguyen"]
[Black "agvania123"]
[WhiteFideId "12401226"]
[WhiteElo "2492"]
[BlackElo "2273"]
[Result "1-0"]
[Round "3"]
[TimeControl "180+2"]
[Date "2023.07.04"]
[WhiteClock "0:00:26"]
[BlackClock "0:00:02"]
[Board "201"]

1. d4 d5 2. c4 e6 3. Nc3 c6 4. cxd5 exd5 5. Bf4 Nf6 6. e3 Bd6 7. Bg3 O-O 8. Qc2 Qe7 9. Bd3 Re8 10. Nge2 Nbd7 11. O-O Bxg3 12. Nxg3 Nf8 13. Rae1 Be6 14. f3 Rad8 15. Qf2 Qd7 16. Bb1 Ng6 17. Rd1 Qc7 18. e4 dxe4 19. fxe4 Bc4 20. Rfe1 Ng4 21. Qf3 h5 22. e5 N6xe5 23. Qe4 g6 24. h3 f5 25. Qf4 Nf6 26. dxe5 Rxd1 27. Nxd1 Qb6+ 28. Kh2 Nd5 29. Qg5 Qc7 30. Bxf5 Kh8 1-0


[Site "https://www.chess.com"]

[Event "Titled Tuesday Blitz July 4 Early 2023"]
[White "Mindhunter08"]
[Black "Mica, Marek"]
[BlackFideId "382884"]
[WhiteElo "2267"]
[BlackElo "2492"]
[Result "1-0"]
[Round "3"]
[TimeControl "180+2"]
[Date "2023.07.04"]
[WhiteClock "0:00:33"]
[BlackClock "0:01:10"]
[Board "202"]

1. e4 c5 2. Nf3 g6 3. d4 cxd4 4. Qxd4 Nf6 5. Nc3 Nc6 6. Qa4 d6 7. e5 dxe5 8. Nxe5 Bd7 9. Nxd7 Qxd7 10. Be2 Bg7 11. Be3 O-O 12. O-O Rfd8 13. Rad1 Qe6 14. h3 h5 15. Rfe1 Rxd1 16. Rxd1 Qc8 17. Qb3 Ne8 18. Bd3 e6 19. Be4 Nf6 20. Bf3 Nd7 21. Nb5 Nde5 22. Be4 Na5 23. Qb4 Nac4 24. Bd4 a6 25. Nd6 Nxd6 26. Qxd6 Nc4 27. Qb4 a5 28. Qb3 Qb8 29. Qxc4 b5 30. Qc6 Ra7 31. Bxa7 Qxa7 32. Qxb5 Kh7 33. Qxh5+ Kg8 34. Rd8+ Bf8 35. Qh6 Qe7 36. Rxf8+ Qxf8 37. Qxf8+ Kxf8 38. c3 Ke7 39. b4 Kd6 40. bxa5 Kc5 41. a4 f5 42. Bb7 e5 43. Bc8 e4 44. h4 f4 45. Be6 Kc6 46. Bf7 Kc5 47. Bxg6 e3 48. fxe3 fxe3 49. Kf1 Kc4 50. Ke2 Kxc3 51. a6 Kb4 52. a7 Kxa4 53. a8=Q+ Kb4 54. Qc6 Ka3 55. h5 Kb2 56. h6 Ka2 57. h7 Kb2 58. h8=Q+ Ka2 59. Qb8 Ka3 60. Qca8# 1-0


[Site "https://www.chess.com"]

[Event "Titled Tuesday Blitz July 4 Early 2023"]
[White "Martin, Lewis"]
[Black "Novik, Maxim"]
[WhiteFideId "410551"]
[BlackFideId "4102924"]
[WhiteElo "2264"]
[BlackElo "2487"]
[Result "0-1"]
[Round "3"]
[TimeControl "180+2"]
[Date "2023.07.04"]
[WhiteClock "0:00:22"]
[BlackClock "0:00:43"]
[Board "203"]

1. e4 c6 2. d4 d5 3. Nc3 dxe4 4. Nxe4 Bf5 5. Ng3 Bg6 6. Nf3 e6 7. h4 h6 8. h5 Bh7 9. Bd3 Bxd3 10. Qxd3 Nf6 11. Bd2 c5 12. O-O-O Nc6 13. Rhe1 cxd4 14. Nf5 Qd5 15. N5xd4 Qxa2 16. Bc3 O-O-O 17. Qb5 Rd5 18. Qb3 Qxb3 19. Nxb3 Rxd1+ 20. Rxd1 Nxh5 21. Ne5 Nxe5 22. Bxe5 Be7 23. Nd4 Rd8 24. Rh1 Nf6 25. Nb5 Rd5 26. Nxa7+ Kd7 27. Bb8 Ng4 28. f3 Ne3 29. Re1 Nxg2 30. Re2 Nh4 31. c4 Rc5 32. b3 Nxf3 33. Nb5 Rxb5 34. cxb5 g5 35. Kd1 f5 36. Be5 Nxe5 37. Rxe5 g4 38. Ke2 h5 39. Kf1 h4 40. Kg2 h3+ 41. Kg1 Bd6 42. Re2 g3 43. Rc2 f4 44. Rc3 e5 45. Rc4 Ke6 46. Rc8 Kd5 47. Rh8 Bc5+ 48. Kf1 g2+ 0-1


[Site "https://www.chess.com"]

[Event "Titled Tuesday Blitz July 4 Early 2023"]
[White "laimis61"]
[Black "Yeritsyan, Hayk"]
[BlackFideId "13307320"]
[WhiteElo "2263"]
[BlackElo "2467"]
[Result "0-1"]
[Round "3"]
[TimeControl "180+2"]
[Date "2023.07.04"]
[WhiteClock "0:00:00"]
[BlackClock "0:00:14"]
[Board "204"]

1. e4 c6 2. d4 d5 3. exd5 cxd5 4. Bd3 Nf6 5. h3 Bd7 6. c3 Qc8 7. Nf3 Bf5 8. Be2 Bxb1 9. Rxb1 e6 10. Bf4 Qd8 11. O-O Bd6 12. Bxd6 Qxd6 13. Bb5+ Nbd7 14. Re1 O-O 15. Ne5 Qc7 16. Bd3 Nxe5 17. dxe5 Nd7 18. f4 a6 19. Kh1 f6 20. Qe2 f5 21. c4 Nb6 22. cxd5 Nxd5 23. Rbc1 Qb6 24. Bc4 Rfd8 25. Bxd5 Rxd5 26. Red1 Rad8 27. Rxd5 Rxd5 28. Rc8+ Rd8 29. Rxd8+ Qxd8 30. Qc4 Qd7 31. Kh2 h6 32. a4 Kh7 33. a5 g5 34. fxg5 hxg5 35. h4 g4 36. Qf4 Qd5 37. g3 Qxa5 38. h5 Qb5 39. Qg5 Qxb2+ 40. Kh1 Qb1+ 41. Kh2 Qc2+ 42. Kh1 Qd1+ 43. Kh2 Qe2+ 44. Kh1 Qe1+ 45. Kh2 Qxe5 46. Qg6+ Kh8 47. Qe8+ Kg7 48. Qg6+ Kf8 49. h6 Qe2+ 50. Kh1 Qf1+ 51. Kh2 Qh3+ 52. Kg1 Qxg3+ 53. Kf1 Qf3+ 54. Kg1 g3 55. Qf6+ Ke8 56. Qxe6+ Kd8 57. Qd6+ Kc8 58. Qe6+ Kb8 59. Qd6+ Kc8 60. Qe6+ Kc7 61. Qe7+ Kc6 62. Qe6+ Kc5 63. Qc8+ Kb6 64. Qe6+ Ka7 65. Qa2 Qe3+ 66. Kg2 Qxh6 67. Kxg3 Qe3+ 68. Kh4 f4 69. Kg4 f3 0-1


[Site "https://www.chess.com"]

[Event "Titled Tuesday Blitz July 4 Early 2023"]
[White "Sanhueza, Cristian"]
[Black "Modric, Nesa"]
[WhiteFideId "116815"]
[BlackFideId "922579"]
[WhiteElo "2459"]
[BlackElo "2258"]
[Result "1-0"]
[Round "3"]
[TimeControl "180+2"]
[Date "2023.07.04"]
[WhiteClock "0:02:49"]
[BlackClock "0:01:18"]
[Board "205"]

1. e4 c6 2. d4 d5 3. exd5 cxd5 4. c4 e6 5. Nc3 dxc4 6. Bxc4 Nf6 7. Nf3 Be7 8. O-O O-O 9. Re1 b6 10. d5 exd5 11. Nxd5 Nc6 12. Nxe7+ Nxe7 13. Qxd8 Rxd8 14. Rxe7 Rd1+ 15. Re1 Rxe1+ 16. Nxe1 Bb7 17. Be3 h6 18. Nf3 Rc8 19. Bb3 Ne4 20. Rd1 g5 21. Rd7 1-0


[Site "https://www.chess.com"]

[Event "Titled Tuesday Blitz July 4 Early 2023"]
[White "Gomez Barrera, Javiera Belen"]
[Black "Tuleyeva-Aketayeva, Dana"]
[WhiteFideId "3418723"]
[BlackFideId "13701932"]
[WhiteElo "2445"]
[BlackElo "2249"]
[Result "1-0"]
[Round "3"]
[TimeControl "180+2"]
[Date "2023.07.04"]
[WhiteClock "0:00:36"]
[BlackClock "0:00:46"]
[Board "206"]

1. e4 c5 2. Nf3 Nc6 3. d4 cxd4 4. Nxd4 Nf6 5. Nc3 e5 6. Ndb5 d6 7. Bg5 a6 8. Na3 b5 9. Nd5 Be7 10. Bxf6 Bxf6 11. c3 O-O 12. Nc2 Be6 13. Nce3 Bg5 14. a4 b4 15. h4 Bh6 16. g3 bxc3 17. bxc3 Qa5 18. Qd2 Bxd5 19. exd5 Nd4 20. cxd4 Qxd2+ 21. Kxd2 exd4 22. f4 dxe3+ 23. Kxe3 g6 24. Bc4 a5 25. Rab1 Rab8 26. Bb5 Bg7 27. Rhc1 Rfc8 28. Rc6 Bf8 29. Rbc1 Re8+ 30. Kd3 Red8 31. Rc7 f5 32. R1c6 Ra8 33. Rb6 Kh8 34. Rbb7 Rdc8 35. Rxh7+ Kg8 36. Rhc7 Rxc7 37. Rxc7 Kh8 38. Rb7 Kg8 39. Bc6 Ra6 40. Kc4 Bg7 41. Kb5 Ra8 42. Rxg7+ Kxg7 43. Bxa8 g5 44. hxg5 Kg6 45. Kxa5 Kh5 46. Bb7 Kg4 47. g6 Kxg3 48. g7 Kxf4 49. g8=Q Ke5 50. Qe6+ Kf4 51. Bc8 Kg3 52. Qxf5 Kh4 53. Qg4# 1-0


[Site "https://www.chess.com"]

[Event "Titled Tuesday Blitz July 4 Early 2023"]
[White "Dobre, Claudiu-Cristian"]
[Black "Peiris, T G M"]
[WhiteFideId "1211854"]
[BlackFideId "9901310"]
[WhiteElo "2442"]
[BlackElo "2239"]
[Result "1-0"]
[Round "3"]
[TimeControl "180+2"]
[Date "2023.07.04"]
[WhiteClock "0:00:05"]
[BlackClock "0:00:00"]
[Board "207"]

1. e4 c5 2. b3 e6 3. Nf3 d5 4. exd5 exd5 5. Bb5+ Bd7 6. Qe2+ Qe7 7. Qxe7+ Bxe7 8. Bxd7+ Nxd7 9. d4 cxd4 10. Bb2 Rc8 11. Nxd4 Ngf6 12. O-O O-O 13. Nc3 a6 14. Rad1 Nb6 15. a4 Bb4 16. Nce2 Rfe8 17. Nf4 Re4 18. Nd3 Bc3 19. Bxc3 Rxc3 20. Nb2 g6 21. f3 Re7 22. Kf2 Rec7 23. a5 Nbd7 24. Na4 Rxc2+ 25. Nxc2 Rxc2+ 26. Kg1 Ne5 27. Rfe1 Nc6 28. Rc1 Ra2 29. Rc5 d4 30. Rd1 Nd7 31. Rd5 Nf6 32. Rd6 Kg7 33. Nc5 Nxa5 34. R6xd4 b6 35. Nd7 Nxb3 36. Rb4 Nxd7 37. Rxd7 Nc5 38. Rd6 b5 39. Rc6 Nd3 40. Rb1 b4 41. Rd1 Ne5 42. Rb6 a5 43. Rc1 a4 44. Rxb4 Nd3 45. Rbb1 Nxc1 46. Rxc1 1-0


[Site "https://www.chess.com"]

[Event "Titled Tuesday Blitz July 4 Early 2023"]
[White "Herman, Daniel"]
[Black "Warchol, Kamil"]
[WhiteFideId "30935008"]
[BlackFideId "21858241"]
[WhiteElo "2428"]
[BlackElo "2230"]
[Result "1-0"]
[Round "3"]
[TimeControl "180+2"]
[Date "2023.07.04"]
[WhiteClock "0:00:03"]
[BlackClock "0:00:00"]
[Board "208"]

1. d4 Nf6 2. Bf4 e6 3. e3 d5 4. Nf3 c5 5. Nbd2 Nc6 6. c3 Bd6 7. Bg3 O-O 8. Bd3 Re8 9. Ne5 Bxe5 10. dxe5 Nd7 11. f4 f6 12. Qh5 g6 13. Bxg6 hxg6 14. Qxg6+ Kf8 15. Bh4 Qe7 16. exf6 Qf7 17. Qh6+ Kg8 18. Nf3 Qh7 19. Qg5+ Kf7 20. Ne5+ Ndxe5 21. fxe5 Rg8 22. Qf4 Rxg2 23. Bf2 Bd7 24. O-O-O Rag8 25. Rd2 R8g4 26. Qf3 Nxe5 27. Qe2 Rxf2 28. Qxf2 Nd3+ 29. Rxd3 Qxd3 30. h4 Qf5 31. Qe2 Rg8 32. h5 Qg4 33. Qd3 Qe4 34. Qd1 Qxe3+ 35. Kb1 Ba4 36. Qf1 Bb5 37. Qd1 Bd3+ 38. Ka1 Qe2 39. Qc1 Rg2 40. h6 Qc2 41. Qxc2 Bxc2 42. h7 Bxh7 43. Rxh7+ Kxf6 44. a3 b6 45. Rxa7 e5 46. Rb7 e4 47. Rxb6+ Ke5 48. Rb8 e3 49. Re8+ Kf4 50. a4 e2 51. a5 Rg1+ 52. Ka2 e1=Q 53. Rxe1 Rxe1 54. a6 Re8 55. b4 Ra8 56. b5 Ke4 57. Kb3 Kd3 58. Ka4 Kxc3 59. Ka5 d4 60. b6 d3 61. b7 Rh8 62. a7 d2 63. b8=Q Rxb8 64. axb8=Q d1=Q 65. Qg3+ Qd3 66. Qe1+ Qd2 67. Qa1+ Kc4+ 68. Kb6 Qb4+ 69. Kc7 Qc3 70. Qa6+ Kd4 71. Qd6+ Kc4 72. Kc6 1-0


[Site "https://www.chess.com"]

[Event "Titled Tuesday Blitz July 4 Early 2023"]
[White "Ladan, Nicholas"]
[Black "Sariego Figueredo, Wilfredo"]
[WhiteFideId "30918855"]
[BlackFideId "3500080"]
[WhiteElo "2419"]
[BlackElo "2212"]
[Result "1-0"]
[Round "3"]
[TimeControl "180+2"]
[Date "2023.07.04"]
[WhiteClock "0:01:09"]
[BlackClock "0:00:00"]
[Board "209"]

1. d4 d5 2. Nf3 Nf6 3. Bf4 e6 4. e3 Bd6 5. Ne5 c5 6. Bb5+ Nbd7 7. Nxf7 Kxf7 8. Bxd6 cxd4 9. exd4 Ne4 10. Bxd7 Bxd7 11. Qf3+ Qf6 12. Be5 Qxf3 13. gxf3 Nf6 14. Nd2 Rac8 15. c3 Rhf8 16. Ke2 Bb5+ 17. Ke3 Nd7 18. f4 Kg8 19. a4 Ba6 20. Rhg1 g6 21. Nf3 Rce8 22. a5 Rf5 23. Nh4 Rh5 24. Rg4 Rf8 25. Rag1 Bc4 26. Nf3 Rhf5 27. R1g3 Bb3 28. Ng5 Nxe5 29. dxe5 Re8 30. h4 Bd1 31. f3 h5 32. Nxe6 hxg4 33. fxg4 Bxg4 34. Nd4 Kf7 35. Rxg4 Rh5 36. Nf3 1-0


[Site "https://www.chess.com"]

[Event "Titled Tuesday Blitz July 4 Early 2023"]
[White "Disconzi da Silva, Rodrigo"]
[Black "Cueto, Jonny"]
[WhiteFideId "2100991"]
[BlackFideId "3300145"]
[WhiteElo "2419"]
[BlackElo "2203"]
[Result "1-0"]
[Round "3"]
[TimeControl "180+2"]
[Date "2023.07.04"]
[WhiteClock "0:01:42"]
[BlackClock "0:00:00"]
[Board "210"]

1. d4 e6 2. c4 Nf6 3. Nf3 b6 4. Nc3 Bb7 5. Bg5 Bb4 6. Nd2 h6 7. Bh4 O-O 8. e4 g5 9. Bg3 Bxc3 10. bxc3 Nxe4 11. Bd3 Nxd2 12. Qxd2 d6 13. h4 f5 14. hxg5 Qxg5 15. Rxh6 Qxd2+ 16. Kxd2 Na6 17. Rxe6 Bxg2 18. Rg6+ Kh7 19. Rg5 Kh6 20. Bf4 Be4 21. Rg2+ 1-0


[Site "https://www.chess.com"]

[Event "Titled Tuesday Blitz July 4 Early 2023"]
[White "Mazurkiewicz, Michal"]
[Black "Ivanova, Karina"]
[WhiteFideId "1124943"]
[BlackFideId "24139750"]
[WhiteElo "2416"]
[BlackElo "2202"]
[Result "1-0"]
[Round "3"]
[TimeControl "180+2"]
[Date "2023.07.04"]
[WhiteClock "0:01:28"]
[BlackClock "0:01:01"]
[Board "211"]

1. e4 c6 2. d3 d5 3. Nd2 e5 4. Ngf3 Bd6 5. d4 exd4 6. exd5 cxd5 7. Nxd4 Nf6 8. Bb5+ Bd7 9. Qe2+ Qe7 10. Qxe7+ Bxe7 11. O-O O-O 12. Re1 Re8 13. N2f3 Nc6 14. Bxc6 bxc6 15. Ne5 Bd6 16. Bf4 Bxe5 17. Bxe5 Ne4 18. Bf4 f6 19. f3 Nc5 20. Kf2 Ne6 21. Ne2 Kf7 22. Be3 Rab8 23. b3 a6 24. Rad1 Re7 25. Bc1 Rbe8 26. Ba3 c5 27. Rxd5 Bc6 28. Rd6 Bb5 29. c4 Rd7 30. Red1 1-0


[Site "https://www.chess.com"]

[Event "Titled Tuesday Blitz July 4 Early 2023"]
[White "Bazilius, Augustinas"]
[Black "Mishra, Manoj"]
[WhiteFideId "12832251"]
[BlackFideId "5006007"]
[WhiteElo "2413"]
[BlackElo "2201"]
[Result "1-0"]
[Round "3"]
[TimeControl "180+2"]
[Date "2023.07.04"]
[WhiteClock "0:00:06"]
[BlackClock "0:00:00"]
[Board "212"]

1. d4 Nf6 2. c4 g6 3. Nc3 Bg7 4. e4 d6 5. h3 O-O 6. Be3 e5 7. d5 a5 8. g4 Na6 9. Nge2 Nc5 10. Ng3 Ne8 11. h4 f5 12. gxf5 gxf5 13. Nxf5 Bxf5 14. exf5 Rxf5 15. Qg4 Qf6 16. Rg1 h5 17. Qg3 Rf3 18. Qg2 Rxe3+ 19. fxe3 Qxh4+ 20. Kd2 Qe7 21. Be2 Nf6 22. Qg6 Qf7 23. Raf1 Qxg6 24. Rxg6 Rf8 25. Rfg1 Rf7 26. Rh1 Kh7 27. Rg2 Kh6 28. Rgh2 Nce4+ 29. Nxe4 Nxe4+ 30. Kc2 Ng3 31. Bxh5 Rf2+ 32. Rxf2 Nxh1 33. Rh2 Ng3 34. Be8+ Kg5 35. Rh7 Kf6 36. Rh2 Nf5 37. Rf2 Kg5 38. e4 Nd4+ 39. Kd3 Bf6 40. Rg2+ Kf4 41. Rh2 Nf3 42. Rh7 Ne1+ 43. Ke2 Nc2 44. Rf7 Kg5 45. Rxc7 Nd4+ 46. Kd3 Nf3 47. Rxb7 Kf4 48. Rf7 Kg5 49. c5 dxc5 50. d6 Nd4 51. d7 Nc6 52. Kc4 Nd8 53. Rh7 Kf4 54. Bg6 Kg5 55. Bf5 Kf4 56. Kxc5 Ke3 57. Kb6 1-0


[Site "https://www.chess.com"]

[Event "Titled Tuesday Blitz July 4 Early 2023"]
[White "Fisabilillah, Ummi"]
[Black "Thiel, Thomas"]
[WhiteFideId "7104804"]
[BlackFideId "4615964"]
[WhiteElo "2413"]
[BlackElo "2195"]
[Result "1-0"]
[Round "3"]
[TimeControl "180+2"]
[Date "2023.07.04"]
[WhiteClock "0:01:31"]
[BlackClock "0:01:34"]
[Board "213"]

1. Nf3 Nf6 2. c4 g6 3. Nc3 Bg7 4. g3 O-O 5. Bg2 d6 6. O-O e5 7. d3 Nc6 8. h4 h6 9. a3 Be6 10. e4 Ne7 11. Bd2 c6 12. Qc1 Kh7 13. Re1 Nd7 14. h5 g5 15. b4 f5 16. Bxg5 fxe4 17. Nxe4 Nf6 18. Nxf6+ Bxf6 19. Bxh6 Rg8 20. Bg5 Nf5 21. Bxf6 Qxf6 22. Qd2 Raf8 23. Re4 Ne7 24. Rae1 Bf5 25. R4e3 Bg4 26. d4 e4 27. Rxe4 Bxf3 28. Rxe7+ Rg7 29. Rxg7+ Qxg7 30. Qd3+ 1-0


[Site "https://www.chess.com"]

[Event "Titled Tuesday Blitz July 4 Early 2023"]
[White "Nakhbayeva, Guliskhan"]
[Black "Gomes, Luiz Alexandre de Souza"]
[WhiteFideId "13704788"]
[BlackFideId "2102790"]
[WhiteElo "2194"]
[BlackElo "2411"]
[Result "0-1"]
[Round "3"]
[TimeControl "180+2"]
[Date "2023.07.04"]
[WhiteClock "0:00:02"]
[BlackClock "0:01:06"]
[Board "214"]

1. d4 Nf6 2. Nf3 g6 3. Nbd2 d5 4. e3 Bg7 5. b4 O-O 6. a4 Bg4 7. Be2 e6 8. O-O Nbd7 9. Bb2 Rc8 10. c4 dxc4 11. Nxc4 Nd5 12. Qb3 Qe7 13. Ba3 Rfd8 14. Rac1 Qf6 15. h3 Bxf3 16. Bxf3 h5 17. Nd2 Nf8 18. Ne4 Qe7 19. b5 Qe8 20. Nc5 b6 21. Na6 Qd7 22. Bxd5 exd5 23. Nb4 Ne6 24. Nc6 Re8 25. Nxa7 Ra8 26. Nc6 Bf6 27. Bb4 Kg7 28. a5 bxa5 29. Bxa5 g5 30. Bc3 g4 31. Ne5 Bxe5 32. dxe5 gxh3 33. f4 hxg2 34. Rf2 Rg8 35. Rxg2+ Kh6 36. Rc2 d4 37. Bd2 dxe3 38. Bxe3 Qd1+ 39. Kh2 Rg4 40. Rxg4 hxg4 41. f5+ Ng5 42. Bxg5+ Kxg5 43. Qe3+ Kh5 44. Rg2 Ra1 45. Qf4 Qh1+ 46. Kg3 Qh3+ 47. Kf2 Ra2+ 48. Ke1 Qxg2 49. f6 Qe2# 0-1


[Site "https://www.chess.com"]

[Event "Titled Tuesday Blitz July 4 Early 2023"]
[White "Urbina Perez, Juan Antonio"]
[Black "Schachpanda_Youtube"]
[WhiteFideId "2217368"]
[WhiteElo "2407"]
[BlackElo "2180"]
[Result "0-1"]
[Round "3"]
[TimeControl "180+2"]
[Date "2023.07.04"]
[WhiteClock "0:01:56"]
[BlackClock "0:00:58"]
[Board "215"]

1. e4 c6 2. d4 d5 3. e5 c5 4. dxc5 e6 5. Be3 Nd7 6. f4 Bxc5 7. Qd2 Ne7 8. Nf3 Nf5 9. Bxc5 Nxc5 10. Bd3 Nxd3+ 11. Qxd3 O-O 12. Nbd2 b6 13. Nb3 a5 14. Nbd4 Ba6 15. Qd2 Nxd4 16. Nxd4 Rc8 17. c3 Qd7 18. g3 f6 19. exf6 gxf6 20. O-O-O e5 21. Nc2 d4 22. cxd4 exd4 23. Qxd4 Qc6 24. Rd2 Qxh1+ 0-1


[Site "https://www.chess.com"]

[Event "Titled Tuesday Blitz July 4 Early 2023"]
[White "Vila Dupla, Aurelio"]
[Black "Tinmaz, Kerem"]
[WhiteFideId "2203383"]
[BlackFideId "44559151"]
[WhiteElo "2175"]
[BlackElo "2402"]
[Result "1-0"]
[Round "3"]
[TimeControl "180+2"]
[Date "2023.07.04"]
[WhiteClock "0:00:14"]
[BlackClock "0:00:00"]
[Board "216"]

1. Nf3 d5 2. d4 Nf6 3. c4 c6 4. cxd5 cxd5 5. Nc3 Nc6 6. Bf4 Bf5 7. e3 e6 8. Bd3 Bxd3 9. Qxd3 Bd6 10. Bxd6 Qxd6 11. O-O O-O 12. h3 Rac8 13. Rfc1 Na5 14. b3 Nc6 15. Qe2 e5 16. dxe5 Nxe5 17. Nxe5 Qxe5 18. Qd3 Rfd8 19. Ne2 Ne4 20. Qd4 Qf5 21. f3 Ng5 22. Nf4 Ne6 23. Qxa7 Nxf4 24. exf4 Qxf4 25. Rxc8 Rxc8 26. Qxb7 Qd4+ 27. Kh2 Qe5+ 28. f4 Qxf4+ 29. Kh1 Re8 30. Qxd5 h6 31. Rd1 Qf2 32. Qd2 Qf5 33. Re1 Rc8 34. Re2 1-0


[Site "https://www.chess.com"]

[Event "Titled Tuesday Blitz July 4 Early 2023"]
[White "HeinichessPY"]
[Black "Rios Escobar, Adan"]
[BlackFideId "3403645"]
[WhiteElo "2162"]
[BlackElo "2398"]
[Result "0-1"]
[Round "3"]
[TimeControl "180+2"]
[Date "2023.07.04"]
[WhiteClock "0:00:00"]
[BlackClock "0:00:09"]
[Board "217"]

1. e4 d5 2. exd5 Nf6 3. Bb5+ Nbd7 4. Nf3 Nxd5 5. O-O a6 6. Bc4 e6 7. Re1 Be7 8. Bxd5 exd5 9. Qe2 Nf6 10. d3 h6 11. b3 Be6 12. Nd4 Bg4 13. f3 Bc8 14. Ba3 Ng8 15. Nc3 c6 16. Qe5 Kf8 17. Bxe7+ Qxe7 18. Qf4 Qc5 19. Qe3 Qe7 20. Qf4 Qd8 21. Re2 g5 22. Qe5 Qf6 23. Rae1 Kg7 24. Qxf6+ Nxf6 25. Re7 Rd8 26. Nce2 Ng8 27. Rc7 Rd7 28. Rxd7 Bxd7 29. Ng3 Re8 30. Ngf5+ Kf8 31. Rxe8+ Bxe8 32. Nd6 Ke7 33. N4f5+ Kd7 34. Nxb7 h5 35. Nc5+ Kc7 36. d4 a5 37. a4 Nf6 38. Kf2 g4 39. Kg3 gxf3 40. gxf3 Bd7 41. Ng7 Kd6 42. Kh4 Bc8 43. Nxh5 Ne8 44. Nf4 Ke7 45. Nfd3 Kf6 46. Ne5 Kf5 47. Nxc6 Kf4 48. Nxa5 Kxf3 49. Nab7 Ke3 50. a5 Kxd4 51. a6 Nc7 52. a7 Kc3 53. Na6 Bxb7 54. Nxc7 Kxc2 55. a8=Q Bxa8 56. Nxa8 d4 57. b4 d3 58. b5 d2 59. b6 d1=Q 60. b7 Qd8+ 61. Kh5 Qd5+ 62. Kh6 Qxb7 0-1


[Site "https://www.chess.com"]

[Event "Titled Tuesday Blitz July 4 Early 2023"]
[White "Kuznetsov, Mikhail"]
[Black "BebeBonito2022"]
[WhiteFideId "4117190"]
[WhiteElo "2397"]
[BlackElo "2156"]
[Result "1-0"]
[Round "3"]
[TimeControl "180+2"]
[Date "2023.07.04"]
[WhiteClock "0:00:43"]
[BlackClock "0:00:00"]
[Board "218"]

1. Nf3 Nf6 2. g3 d5 3. Bg2 Bg4 4. d4 Nbd7 5. O-O e6 6. Nbd2 Be7 7. c3 O-O 8. Re1 c5 9. e4 dxe4 10. Nxe4 cxd4 11. Qxd4 Nxe4 12. Qxe4 Bf5 13. Qxb7 Nc5 14. Qb5 Rb8 15. Qe2 Qb6 16. b3 Nd3 17. Rd1 Nxc1 18. Raxc1 Rfc8 19. c4 Ba3 20. Ra1 Rd8 21. Rxd8+ Rxd8 22. Rd1 h6 23. Rxd8+ Qxd8 24. Qd2 Qb6 25. Nd4 Bg6 26. Nb5 Bc5 27. b4 Be7 28. a4 a6 29. c5 Qb8 30. Nd6 f6 31. b5 1-0


[Site "https://www.chess.com"]

[Event "Titled Tuesday Blitz July 4 Early 2023"]
[White "Hartikainen, Jarmo"]
[Black "Novikova, Galina"]
[WhiteFideId "503134"]
[BlackFideId "4157095"]
[WhiteElo "2152"]
[BlackElo "2395"]
[Result "0-1"]
[Round "3"]
[TimeControl "180+2"]
[Date "2023.07.04"]
[WhiteClock "0:00:00"]
[BlackClock "0:00:14"]
[Board "219"]

1. e4 e5 2. Nf3 Nc6 3. Bc4 Nf6 4. Ng5 d5 5. exd5 b5 6. Bxb5 Qxd5 7. Bf1 h6 8. Nc3 Qa5 9. Nge4 Be7 10. Bb5 Bb7 11. Qe2 O-O 12. Bxc6 Bxc6 13. O-O Nxe4 14. Nxe4 f5 15. Nc3 Kh8 16. a3 f4 17. f3 Bc5+ 18. Kh1 Bd4 19. Ne4 Rad8 20. c3 Bb6 21. b4 Qa4 22. c4 Bd4 23. Rb1 Qc2 24. b5 Qxb1 25. bxc6 Qb6 26. a4 Qxc6 27. Ba3 Rfe8 28. g3 fxg3 29. hxg3 Qg6 30. Kg2 Rb8 31. Rh1 Rb3 32. Bc5 Qf7 33. Rh4 Rd8 34. Ng5 Qg6 35. Ne4 Rb2 36. Rg4 Qf7 37. Bxd4 Rxd4 38. Qe3 Qxc4 39. Nf6 Rdxd2+ 0-1


[Site "https://www.chess.com"]

[Event "Titled Tuesday Blitz July 4 Early 2023"]
[White "Torres Dominguez, David"]
[Black "Cruz, William Ferreira Da"]
[WhiteFideId "2220857"]
[BlackFideId "2118050"]
[WhiteElo "2151"]
[BlackElo "2394"]
[Result "1/2-1/2"]
[Round "3"]
[TimeControl "180+2"]
[Date "2023.07.04"]
[WhiteClock "0:00:06"]
[BlackClock "0:00:43"]
[Board "220"]

1. e4 e6 2. d4 d5 3. exd5 exd5 4. Bd3 Nf6 5. Nf3 Bd6 6. O-O O-O 7. h3 Nc6 8. Bg5 h6 9. Bxf6 Qxf6 10. Nc3 Nb4 11. a3 Nxd3 12. Qxd3 c6 13. Rfe1 Bf5 14. Qd2 Rfe8 15. Re3 Be4 16. Nxe4 dxe4 17. Ne5 Bxe5 18. dxe5 Qxe5 19. Qb4 b5 20. Rae1 f5 21. f3 a5 22. Qc3 Qxc3 23. bxc3 Rad8 24. fxe4 Rxe4 25. Rxe4 fxe4 26. Rxe4 Rd2 27. Re6 Rxc2 28. Rxc6 b4 29. axb4 axb4 30. c4 b3 31. Rb6 b2 32. Kh2 Kf7 33. c5 Ke7 34. Rb7+ Kd8 35. c6 Kc8 36. h4 h5 37. Kg3 g6 38. Kf3 Kd8 39. Kg3 Rc3+ 40. Kf4 Rc2 41. Kg3 Rxc6 42. Rxb2 Ke7 43. Rf2 Rc4 44. Rf4 Rc3+ 45. Kf2 Ke6 46. Rf8 Ke5 47. Rf7 Rc5 48. Rf8 Rc4 49. Kg3 Rg4+ 50. Kh3 Rd4 51. Kg3 Rd3+ 52. Kf2 Rd6 53. Kg3 Ke4 54. Rf4+ Ke3 55. Rf3+ Ke4 56. Rf4+ Ke5 57. Rf8 Ra6 58. Rf1 Ra2 59. Rf8 Ra3+ 60. Kf2 Ke6 61. Rf4 Rb3 62. Rf8 Rb4 63. Kg3 Ke7 64. Rf2 Rg4+ 65. Kh3 Ke6 66. g3 Ke5 67. Kg2 Ke4 68. Re2+ Kd3 69. Re8 Kd2 70. Kf3 Kd3 71. Rd8+ Kc4 72. Rd6 Kc5 73. Rd2 Ra4 74. Rb2 Ra6 75. Rd2 Rf6+ 76. Ke4 Kc4 77. Rc2+ Kb3 78. Rc1 Kb2 79. Rc5 Kb3 80. Rg5 Kc4 81. Ke5 Ra6 82. g4 hxg4 83. Rxg4+ Kd3 84. h5 gxh5 85. Rh4 Ke3 86. Kf5 Ra5+ 87. Kg6 Kf3 88. Rxh5 Ra6+ 89. Kg5 Ke4 90. Rh8 Ra5+ 91. Kf6 Ra6+ 92. Kf7 Kf5 93. Rh5+ Kg4 94. Rb5 Kf4 95. Ke7 Ra7+ 96. Kd6 Ke4 97. Rb4+ Kd3 98. Rb5 Kc4 99. Rd5 Ra6+ 100. Ke5 Rh6 101. Rd4+ Kc5 102. Rd5+ Kc6 103. Rd1 Rh5+ 104. Ke6 Rh2 105. Rc1+ Kb5 106. Rc3 Re2+ 107. Kd5 Kb4 108. Rc8 Rd2+ 109. Ke4 Kb5 110. Ke3 Rd6 111. Ke4 Rc6 112. Rxc6 Kxc6 1/2-1/2


[Site "https://www.chess.com"]